 Dungeon Crawl Stone Soup version 0.26.1-11-gd32895ea62 (webtiles) character file.

Game seed: 122205443223992874

405 Zeld the Sneak (level 6, 14/42 HPs)
             Began as an Octopode Brigand on May 18, 2021.
             Quit the game on level 4 of the Dungeon.
             The game lasted 00:20:22 (5848 turns).

Zeld the Sneak (Octopode Brigand)                   Turns: 5848, Time: 00:20:22

Health: 14/42      AC:  1    Str: 13    XL:     6   Next: 87%
Magic:  9/9        EV: 13    Int: 13    God:
Gold:   97         SH:  0    Dex: 13    Spells: 9/9 levels left

rFire    . . .     SeeInvis .   a - +2 dagger
rCold    . . .     Faith    .   (no shield)
rNeg     . . .     Spirit   .   (helmet restricted)
rPois    .         Reflect  .   (no amulet)
rElec    .         Harm     .   (no ring)
rCorr    .         Rampage  .   (no ring)
Will     .....                  (no ring)
Stlth    ++++......             (no ring)
HPRegen  0.14/turn              (no ring)
MPRegen  0.11/turn              (no ring)
                                (no ring)
                                (no ring)

@: slowed, very slow
A: almost no armour, stealthy swim, amphibious, 8 rings, constrict 8, camouflage
1, gelatinous body 1
a: no special abilities


You were on level 4 of the Dungeon.
You visited 1 branch of the dungeon, and saw 4 of its levels.
You also visited: Ossuary.

You collected 97 gold pieces.

Inventory:

Hand Weapons
 a - a +2 dagger (weapon)
Missiles
 b - 8 poisoned darts (quivered)
 c - 2 curare-tipped darts
Jewellery
 f - a cursed -4 ring of slaying {unknown}
Scrolls
 h - 2 scrolls of teleportation {unknown}
 j - 2 scrolls of immolation {unknown}
 k - 3 scrolls of identify {unknown}
 l - 3 scrolls of noise {unknown}
 p - a scroll of enchant armour {unknown}
 t - 3 scrolls of enchant weapon {unknown}
 u - a scroll of remove curse {unknown}
Potions
 d - 2 potions of lignification {unknown}
 i - a potion of brilliance {unknown}
 m - a potion of degeneration {unknown}
 o - a potion of berserk rage {unknown}
 q - a potion of mutation {unknown}
 r - a potion of invisibility {unknown}
 s - 2 potions of might {unknown}


   Skills:
 + Level 3.3 Fighting
 * Level 4.3 Short Blades
 * Level 4.3 Throwing
 - Level 1.0 Dodging
 - Level 5.3 Stealth
 + Level 2.2 Spellcasting


You had 9 spell levels left.
You didn't know any spells.
Your spell library was empty.

Dungeon Overview and Level Annotations

Branches:
Dungeon (4/15)            Ossuary (visited)
 Temple: D:4-7

Altars:
Qazlal
Trog
Yredelemnul

Annotations:
D:4 2 runed translucent doors, Thatpatchoflichen's ghost, amateur MiMo


Innate Abilities, Weirdness & Mutations

You cannot wear most types of armour.
You are very stealthy in the water. (Stealth+)
You are amphibious.
You can wear up to eight rings at the same time.
You can use your tentacles to constrict eight enemies at once.
Your skin changes colour to match your surroundings (Stealth+).
Your rubbery body absorbs attacks. (AC +1, EV +1)


Message History

You are too injured to fight recklessly!
You feel much better. The wraith misses you.
You hit the wraith but do no damage.
The wraith is moderately damaged.
The wraith barely misses you.
You hit the wraith.
The wraith is heavily damaged.
The wraith hits you! The wraith drains your vigour!
You feel as though you will be slow longer.
The wraith hits you. The wraith drains your vigour!
You feel as though you will be slow longer.
You are too injured to fight recklessly!
You are too injured to fight recklessly!
You are too injured to fight recklessly!
Okay, then.
As you read the scroll labelled POEM DAUSABAU, it crumbles to dust.
It is a scroll of amnesia.
You feel forgetful for a moment. The wraith closely misses you.
Okay, then.
Are you sure you want to abandon this character and quit the game? (Confirm with "yes".)

#r≈≈#........##
##.......# ≈
#....#### ≈≈≈
###..#####
#+####.......#
.....##......##
#..........#
..##...#W...##
#.....@.....#
#..........###
#......#.......##
##.##.##.........
.#####...........#
..#..........####
..............#
.#..#.......##
#.........##


You could see a wraith.

Vanquished Creatures
  2 eyes of draining (D:3)
  Crazy Yiuf (D:2)
  A hound skeleton (D:4)
  A mummy (Ossuary)
  3 gnolls
  5 adders
  An ooze (D:3)
  A worm (D:3)
  3 dart slugs
  2 leopard geckos
  2 orcs (D:3)
  2 giant cockroaches
  5 goblins
  7 hobgoblins
  6 jackals
  12 kobolds
  2 quokkas
  4 ball pythons
  9 bats
  2 frilled lizards
  6 gnoll skeletons (Ossuary)
  7 kobold skeletons (Ossuary)
  12 orc skeletons (Ossuary)
  9 rats
105 creatures vanquished.

Vanquished Creatures (others)
  3 plants (D:1)
3 creatures vanquished.

Grand Total: 108 creatures vanquished

Notes
Turn   | Place    | Note
-------+----------+-------------------------------------------
     0 | D:1      | Zeld the Octopode Brigand began the quest for the Orb.
     0 | D:1      | Reached XP level 1. HP: 14/14 MP: 1/1
    53 | D:1      | Reached XP level 2. HP: 19/19 MP: 2/2
   428 | D:1      | Reached XP level 3. HP: 24/24 MP: 3/3
  1306 | D:2      | Reached skill level 1 in Spellcasting
  1313 | D:2      | Reached XP level 4. HP: 30/30 MP: 5/5
  1442 | D:2      | Found a runed translucent door.
  1443 | D:2      | Noticed Crazy Yiuf
  1450 | D:2      | Killed Crazy Yiuf
  2264 | D:2      | Reached XP level 5. HP: 26/35 MP: 5/7
  3167 | D:3      | Found a basalt altar of Yredelemnul.
  3611 | D:3      | Noticed an eye of draining
  3612 | D:3      | Found a bloodstained altar of Trog.
  3613 | D:3      | Noticed an eye of draining
  3865 | D:3      | Killed an eye of draining
  3866 | D:3      | Reached XP level 6. HP: 42/42 MP: 3/8
  4023 | D:3      | Killed an eye of draining
  4057 | D:3      | Found a stormy altar of Qazlal.
  4306 | D:4      | Found a runed translucent door.
  4312 | D:4      | Noticed Thatpatchoflichen's ghost (amateur MiMo)
  4337 | D:4      | Found a runed translucent door.
  4339 | D:4      | Found a sand-covered staircase.
  4355 | Ossuary  | Entered an ossuary
  4355 | Ossuary  | Noticed a wraith
  4355 | Ossuary  | Noticed a wraith
  4355 | Ossuary  | Noticed a wraith
  5741 | Ossuary  | Noticed a wraith
  5848 | D:4      | Quit the game

Illustrated notes

Levels and vault maps discovered:
D:1:      lightli_arrival_statuegarden, layout_loops_ring
D:2:      layout_loops_ring, uniq_crazy_yiuf_cottage
D:3:      layout_loops_ring, lemuel_round_altar, lemuel_coloured_pillars_altar,
          trog_eyes_of_draining
D:4:      layout_cave_pools, minmay_temple_entry_water_ring,
          ebering_ghost_sewer_f, enter_ossuary_1, lemuel_flame_loot_1

Skill      XL: |  1  2  3  4  5  6 |
---------------+-------------------+-----
Spellcasting   | 1 2 |  2.2
Short Blades   | 3 4 |  4.3
Throwing       | 3 4 |  4.3
Fighting       | 3 |  3.3
Dodging        | |  1.0
Stealth        | |  5.3

Action                   |  1- 3 |  4- 6 || total
-------------------------+-------+-------++-------
Melee: Dagger            |    66 |   179 ||   245
       Tentacles         |     8 |    31 ||    39
       Constrict         |    17 |    46 ||    63
  Use: Potion            |       |     8 ||     8
       Scroll            |       |     1 ||     1
 Stab: Sleeping          |    12 |    13 ||    25
       Distracted        |     1 |       ||     1
Armor: Skin              |     7 |     7 ||    14
Dodge: Dodged            |    27 |    74 ||   101
